 Dungeon Crawl Stone Soup version 0.20-b1-14-g8425815 (webtiles) character file.

66 Hook the Ruffian (level 3, -3/29 HPs)
             Began as a Draconian Transmuter on May 23, 2017.
             Slain by Crazy Yiuf
             ... wielding a +3 quarterstaff of chaos
              (20 damage)
             ... on level 2 of the Dungeon.
             The game lasted 00:05:56 (1940 turns).

Hook the Ruffian (Draconian Transmuter)             Turns: 1940, Time: 00:05:58

Health: -3/29      AC:  6    Str: 13    XL:     3   Next: 96%
Magic:  1/6        EV: 12    Int: 13    God:
Gold:   139        SH:  0    Dex: 11    Spells: 4/7 levels left

rFire    . . .     SeeInvis .     - Unarmed
rCold    . . .     Gourm    .   (no shield)
rNeg     + . .     Faith    .   (armour unavailable)
rPois    .         Spirit   .   n - +1 hat
rElec    .         Reflect  .   (no cloak)
rCorr    .         Harm     .   (no gloves)
MR       .....     Rnd*Tele +   (boots currently unavailable)
Stlth    +.........             (no amulet)
Regen    0.1/turn               f - ring of positive energy
MPRegen  0.1/turn               g - ring of teleportation

@: appendage (expiring), slowed, very slow
A: unfitting armour, talons 3, cold-blooded, AC +5
a: End Transformation


You were on level 2 of the Dungeon.
You were not hungry.
You had grown temporary talons.
You visited 1 branch of the dungeon, and saw 2 of its levels.

You collected 139 gold pieces.

Inventory:

Missiles
 a - 38 arrows
 d - 78 stones (quivered)
Armour
 n - a +1 hat (worn)
Jewellery
 f - a ring of positive energy (left hand)
 g - a ring of teleportation (right hand)
Scrolls
 k - a scroll of remove curse
Potions
 e - a potion of curing
 l - a potion of flight {unknown}
 m - a potion of might
Books
 b - a book of Changes

   Spells                             Type                      Level
   a - Beastly Appendage              Transmutation                1
   b - Sticks to Snakes               Transmutation                2
   c - Spider Form                    Transmutation/Poison         3
   d - Ice Form                       Ice/Transmutation            4
   e - Blade Hands                    Transmutation                5
Comestibles
 c - a bread ration
 h - 3 chunks of flesh
 i - a meat ration
 j - 2 fruits


   Skills:
 * Level 2.1 Fighting
 + Level 0.1 Throwing
 + Level 2.0 Dodging
 * Level 3.7 Unarmed Combat
 * Level 2.6 Spellcasting
 + Level 2.2 Transmutations


You had 4 spell levels left.
You knew the following spells:

 Your Spells              Type           Power        Failure   Level  Hunger
a - Beastly Appendage     Tmut           #.....       10%         1    #......
b - Sticks to Snakes      Tmut           #.......     14%         2    ###....


Dungeon Overview and Level Annotations

Branches:
Dungeon (2/15)

Altars:

Annotations:
D:2 Crazy Yiuf, Sigmund, Terence


Innate Abilities, Weirdness & Mutations

Your plain brown scales are hard. (AC +5)
You cannot fit into any form of body armour.
You are cold-blooded and may be slowed by cold attacks.
You have claws for feet.


Message History

Casting: Beastly Appendage
Confirm with . or Enter, or press ? or * to list all spells.
You create a snake!
You now have 39 arrows.
Casting: Sticks to Snakes
Confirm with . or Enter, or press ? or * to list all spells.
You create a snake!
You now have 38 arrows.
Crazy Yiuf hits your ball python with a quarterstaff of chaos!
Your ball python dies!
Your adder completely misses Crazy Yiuf.
Crazy Yiuf hits you with a quarterstaff of chaos.
You feel yourself slow down.
There is an open door here.
You barely miss Crazy Yiuf. Your kick misses Crazy Yiuf.
Your transformation is almost over.
Your adder bites Crazy Yiuf.
Crazy Yiuf is poisoned.
Your adder poisons Crazy Yiuf!
Crazy Yiuf hits you with a quarterstaff of chaos!
You are electrocuted!
Ouch! That really hurt!
You die...

....,,,,,,,*
#....#
#...........
....,,,,*,,*
#....#
#.<.........
..*******,,*
##...#
#...##......
,** *,,*
##.##
#...##......
** *,,* ##.#
#...........
**** #.##
#...##......
##.#
#...########
#.## #...#
*#@#* #...#
#.gS# #####
#...# #)..#
#####


You could see Crazy Yiuf and a friendly adder.

Vanquished Creatures
  Jessica (D:2)
  2 adders (D:2)
  2 leopard geckos (D:1)
  4 giant cockroaches
  A goblin (D:1)
  2 hobgoblins
  4 jackals (D:1)
  A quokka (D:2)
  2 frilled lizards
  3 kobolds (D:1)
  2 rats (D:1)
  A fungus (D:1)
25 creatures vanquished.

Vanquished Creatures (collateral kills)
  A hobgoblin (D:2)
  A rat (D:2)
2 creatures vanquished.

Grand Total: 27 creatures vanquished

Notes
Turn   | Place    | Note
-------+----------+-------------------------------------------
     0 | D:1      | Hook the Draconian Transmuter began the quest for the Orb.
     0 | D:1      | Reached XP level 1. HP: 16/16 MP: 3/3
   381 | D:1      | Reached XP level 2. HP: 23/23 MP: 1/5
   423 | D:1      | Learned a level 2 spell: Sticks to Snakes
  1250 | D:2      | Noticed Terence
  1276 | D:2      | Reached XP level 3. HP: 23/29 MP: 3/6
  1436 | D:2      | Noticed Sigmund
  1436 | D:2      | Noticed Jessica
  1584 | D:2      | Killed Jessica
  1931 | D:2      | Found a runed door.
  1935 | D:2      | Noticed Crazy Yiuf
  1940 | D:2      | Slain by Crazy Yiuf

Skill      XL: |  1  2  3 |
---------------+----------+-----
Fighting       | 2 |  2.1
Dodging        | 2 |  2.0
Throwing       | |  0.1
Unarmed Combat | |  3.7
Spellcasting   | |  2.6
Transmutations | |  2.2

Action                   || total
-------------------------++-------
Melee: Unarmed           ||   120
       Tailslap          ||    14
       Kick              ||     8
       Headbutt          ||     2
       Punch             ||     2
Throw: Stone             ||     5
 Cast: Beastly Appendage ||    13
       Sticks to Snakes  ||     6
  Use: Scroll            ||     3
       Potion            ||     1
 Stab: Distracted        ||     1
       Sleeping          ||     1
  Eat: Chunk             ||     4
Armor: Skin              ||    31
Dodge: Dodged            ||    58
